Description

ZvZ ling flood based off destiny's stream

Build Order

Get SALT Encoding   

  12  0:00  Drone x2  
  14  0:30  Spawning Pool, Extractor  
  12  0:52  Hatchery  
  11  0:57  Action  3 in gas
  11  0:59  Overlord  
  11  1:25  Zergling x2  
  14  1:36  Metabolic Boost  All out of gas
  14  1:47  Zergling x2  
  16  2:06  Zergling x3  
  19  2:24  Zergling x3  
  22  2:30  Zergling x3  3 back into gas
  25  2:47  Zergling  Start moving out
  27  2:59  Baneling Nest  
Spawning Tool Build Advisor. Get it on Overwolf

Go to:

Details

  • Created by: ImBigW
  • Published on: Oct 19, 2020
  • Modified on: Oct 21, 2020
  • Patch: 4.11.0
  • Difficulty: Easy
Show
View Real Time Build Order
Export as new Build Order

Comments (0)

There are no comments. Be the first!

Create an account to comment!